 Dungeon Crawl Stone Soup version 0.18.1-5-g4a78601 (webtiles) character file.

3395 MDvedh the Caller (level 9, -6/62 HPs)
             Began as a Mummy Summoner on May 9, 2016.
             Was a Believer of Sif Muna.
             Mangled by a troll (10 damage)
             ... on level 9 of the Dungeon.
             The game lasted 00:28:19 (12417 turns).

MDvedh the Caller (Mummy Summoner)                 Turns: 12417, Time: 00:28:20

Health: -6/62      AC:  5    Str: 11    XL:     9   Next: 75%
Magic:  6/18       EV: 12    Int: 18    God:    Sif Muna [**....]
Gold:   386        SH:  0    Dex: 12    Spells: 5 memorised, 5 levels left

rFire  . . .     SeeInvis .     g - +0 dagger (venom)
rCold  . . .     Gourm    .     a - +0 robe
rNeg   + + +     Faith    .     (no shield)
rPois  ∞         Spirit   .     (no helmet)
rElec  .         Dismiss  .     l - +1 cloak
rCorr  .         Reflect  .     m - +0 pair of gloves
SustAt .         Harm     .     (no boots)
MR     +....                    (no amulet)
Stlth  ++........               k - ring of wizardry
                                h - ring of fire

@: somewhat resistant to hostile enchantments, unstealthy
A: no food or potions, fire vulnerability, cold resistance 1, negative energy
resistance 3, torment resistance, unbreathing
a: Channel Energy, Renounce Religion


You were on level 9 of the Dungeon.
You worshipped Sif Muna.
Sif Muna was pleased with you.
You were not hungry.

You visited 1 branch of the dungeon, and saw 9 of its levels.

You collected 410 gold pieces.
You spent 24 gold pieces at shops.

Inventory:

Hand Weapons
 d - a +0 short sword
 e - a +2 hand axe of chopping
 g - a +0 dagger of venom (weapon)
Armour
 a - a +0 robe (worn)
 l - a +1 cloak (worn)
 m - a +0 pair of gloves (worn)
Jewellery
 h - a ring of fire (left hand)
 i - an uncursed ring of resist corrosion
 j - an uncursed ring of magical power
 k - a ring of wizardry (right hand)
 q - an uncursed ring of flight
Wands
 u - a wand of paralysis (18/24)
 v - a wand of iceblast (8/15)
 x - a wand of acid (7/15)
 y - a wand of confusion (25/48)
Scrolls
 c - 2 scrolls of teleportation
 f - a scroll of enchant armour
 n - 2 scrolls of remove curse
 p - a scroll of silence
 r - a scroll of fog {unknown}
 s - a scroll of recharging
 t - a scroll of immolation
Books
 b - a book of Callings

   Spells                             Type                      Level
   a - Summon Small Mammal            Summoning                    1
   b - Call Imp                       Summoning                    2
   c - Call Canine Familiar           Summoning                    3
   d - Summon Guardian Golem          Hexes/Summoning              3
   e - Summon Lightning Spire         Summoning/Air                4
   f - Summon Ice Beast               Ice/Summoning                4
 o - a Grand Grimoire

   Spells                             Type                      Level
   a - Monstrous Menagerie            Summoning                    7
   b - Summon Greater Demon           Summoning                    7
   c - Malign Gateway                 Summoning/Translocation      7
   d - Summon Horrible Things         Summoning                    8


   Skills:
 - Level 2.3 Fighting
 - Level 1.5 Dodging
 - Level 1.5 Stealth
 - Level 6.0 Spellcasting
 - Level 7.1 Summonings
 + Level 6.5 Ice Magic
 + Level 4.6 Invocations


You had 5 spell levels left.
You knew the following spells:

 Your Spells              Type           Power        Failure   Level  Hunger
a - Summon Small Mammal   Summ           ####         1%          1    N/A
b - Call Canine Familiar  Summ           ####....     1%          3    N/A
c - Summon Ice Beast      Ice/Summ       ###.....     4%          4    N/A
d - Summon Lightning Spi  Summ/Air       ###.....     12%         4    N/A
e - Summon Guardian Gole  Hex/Summ       ###.....     4%          3    N/A

Dungeon Overview and Level Annotations

Branches:
Dungeon (9/15)             Temple (0/1) D:7
   Lair: D:8-11         Orc: D:9-12

Altars:
Fedhas
Makhleb
Qazlal
Ru
Sif Muna
Yredelemnul
Zin

Shops:
D:8 ((((=

Annotations:
D:2 Natasha, Sigmund
D:4 Pikel


Innate Abilities, Weirdness & Mutations

You do not eat or drink.
Your flesh is vulnerable to fire.
You are immune to poison.
Your flesh is cold resistant.
You are immune to negative energy.
You are immune to unholy pain and torment.
You can survive without breathing.


Message History

Your ice beast closely misses the troll.
You closely miss the troll.
The troll is severely wounded.
Your ice beast disappears in a puff of smoke!
The troll closely misses you. The troll claws you! x2
Your ice beast misses the troll.
You closely miss the troll.
The troll is severely wounded.
The yak gores your ice beast! The troll bites you! The troll barely misses you.
The troll claws you.
Your ice beast closely misses the yak.
You hit the troll but do no damage.
The troll is poisoned.
The troll is severely wounded.
The yak gores your ice beast!
Your ice beast dies!
The troll bites you!
* * * LOW HITPOINT WARNING * * *
The troll claws you.
* * * LOW HITPOINT WARNING * * *
The troll claws you!
You die...

..#.#.####.##..#.###.####
..#.#.####.##..#.# #.#
#.#..Y)Y.......# #.#
#.######.#.#.### #.#
#.##.......#.# #.#
#.##.....#.#.# #.#
#.##...#####.# #.#
#.#..........# #.####
#######.#...@#######
#..... # ............T#
###### #.########.##Y..#
###### ............†Y..#
#######.....
..........Y######
#..........# ...........#
#.#####.##.# .#####....#
#.....#.##.# #..§§#
#.###.#.##.# #..§§# #.#
#...##.#


You could see 2 yaks, a troll and a sheep.

Vanquished Creatures
  A slave (D:4)
  A phantom (D:8)
  A necrophage (D:7)
  A big kobold (D:9)
  A giant frog (D:6)
  A water moccasin zombie (D:7)
  3 scorpions
  A water moccasin skeleton (D:5)
  A crimson imp (D:8)
  A hound (D:4)
  An orc wizard (D:4)
  An orc priest (D:5)
  A giant frog skeleton (D:6)
  A gnoll shaman (D:7)
  A worker ant (D:4)
  2 adders
  2 shadow imps
  An adder skeleton (D:6)
  A dart slug (D:1)
  4 giant geckos
  6 orcs
  6 bats
  2 giant cockroaches
  7 goblins
  4 hobgoblins
  9 jackals
  3 kobolds
  2 quokkas
  2 ball pythons
  A giant cockroach zombie (D:5)
  5 giant newts
  A jackal skeleton (D:5)
  A quokka skeleton (D:5)
  3 rats
79 creatures vanquished.

Vanquished Creatures (collateral kills)
  A hydra (D:9)
  A centaur skeleton (D:7)
  The ghost of varam the Magician, an amateur TrTm of Cheibriados (D:4)
  An ice beast (D:8)
  2 orc warriors
  A phantom (D:5)
  A slave (D:6)
  A sky beast (D:8)
  3 black bears
  4 necrophages
  5 ogres
  A centaur (D:6)
  Blork the orc (D:6)
  A wyvern zombie (D:9)
  4 giant frogs
  A jelly (D:6)
  3 scorpions
  5 howler monkeys
  7 wights
  9 crimson imps
  A centaur zombie (D:7)
  2 hounds
  2 giant frog skeletons
  5 orc priests
  10 orc wizards
  2 iguanas (D:8)
  3 worker ants
  A sheep (D:9)
  A hound zombie (D:7)
  A worker ant zombie (D:9)
  A mummy (D:7)
  8 gnolls
  4 adders
  A shadow imp (D:7)
  An adder skeleton (D:8)
  2 worms
  4 giant geckos (D:5)
  26 orcs
  A ball python (D:8)
  A giant cockroach (D:2)
  A goblin (D:2)
  4 hobgoblins
  6 jackals
  6 kobolds
  A quokka skeleton (D:6)
  A quokka zombie (D:7)
  A rat (D:2)
150 creatures vanquished.

Vanquished Creatures (others)
  5 fungi (D:7)
5 creatures vanquished.

Grand Total: 234 creatures vanquished

Notes
Turn   | Place    | Note
--------------------------------------------------------------
     0 | D:1      | MDvedh the Mummy Summoner began the quest for the Orb.
     0 | D:1      | Reached XP level 1. HP: 13/13 MP: 3/3
  1010 | D:1      | Reached XP level 2. HP: 19/19 MP: 5/5
  1794 | D:2      | Reached skill level 4 in Summonings
  2210 | D:2      | Reached XP level 3. HP: 17/24 MP: 6/6
  2317 | D:2      | Learned a level 3 spell: Call Canine Familiar
  2360 | D:2      | Noticed Sigmund
  2372 | D:2      | Noticed Natasha
  2537 | D:2      | HP: 1/24 [Sigmund/magic dart (11)]
  2930 | D:2      | Noticed a cacodemon
  2931 | D:2      | Found a burning altar of Makhleb.
  2934 | D:2      | Found a glowing silver altar of Zin.
  2934 | D:2      | Noticed an angel
  3333 | D:3      | Found a faded altar to an unknown god.
  3580 | D:3      | Reached XP level 4. HP: 24/30 MP: 7/7
  3934 | D:4      | Reached skill level 5 in Summonings
  3993 | D:4      | Reached XP level 5. HP: 24/35 MP: 8/8
  4150 | D:4      | Learned a level 4 spell: Summon Ice Beast
  4532 | D:4      | Noticed an ogre
  4555 | D:4      | Killed an ogre
  4555 | D:4      | Reached skill level 1 in Ice Magic
  4555 | D:4      | Reached XP level 6. HP: 41/41 MP: 10/10
  4613 | D:4      | Noticed Pikel
  4613 | D:4      | Noticed a slave
  4613 | D:4      | Noticed a slave
  4613 | D:4      | Noticed a slave
  4825 | D:4      | Noticed varam's ghost (amateur TrTm)
  4898 | D:4      | Killed varam's ghost
  5290 | D:4      | Killed a slave
  5403 | D:5      | Entered Level 5 of the Dungeon
  5631 | D:5      | Reached XP level 7. HP: 46/46 MP: 12/12
  6011 | D:5      | Reached skill level 6 in Summonings
  7076 | D:6      | Noticed Blork the orc
  7082 | D:6      | Killed Blork the orc
  7408 | D:6      | Reached XP level 8. HP: 51/52 MP: 13/15
  7439 | D:6      | Reached skill level 5 in Spellcasting
  8042 | D:6      | Found a deep blue altar of Sif Muna.
  8220 | D:6      | Became a worshipper of Sif Muna the Loreminder
  8934 | D:7      | Found a blossoming altar of Fedhas.
  8946 | D:7      | Reached skill level 7 in Summonings
  8949 | D:7      | Reached * piety under Sif Muna
  9091 | D:7      | Found a blossoming altar of Fedhas.
  9385 | D:6      | Learned a level 4 spell: Summon Lightning Spire
  9763 | D:7      | Reached skill level 1 in Fighting
  9821 | D:7      | Found a staircase to the Ecumenical Temple.
  9996 | D:7      | Reached skill level 1 in Invocations
 10025 | D:7      | Found a sacrificial altar of Ru.
 10025 | D:7      | Found a basalt altar of Yredelemnul.
 10057 | D:7      | Reached XP level 9. HP: 48/61 MP: 6/18
 10336 | D:7      | Learned a level 3 spell: Summon Guardian Golem
 10399 | D:7      | Found a blossoming altar of Fedhas.
 10487 | D:8      | Found a stormy altar of Qazlal.
 10713 | D:8      | Reached skill level 5 in Ice Magic
 11159 | D:8      | Found Eroh Leo's Antique Weapon Boutique.
 11213 | D:8      | Found Dinap's Weapon Emporium.
 11395 | D:8      | Found Tifetoerr's Jewellery Emporium.
 11398 | D:8      | Bought a cursed -2 ring of strength for 24 gold pieces
 11443 | D:8      | Found Houmeit's Antique Weapon Emporium.
 11548 | D:8      | Found Qoemniz's Antique Weapon Shoppe.
 12367 | D:9      | Noticed a troll
 12383 | D:9      | Noticed a two-headed hydra
 12406 | D:9      | Killed a two-headed hydra
 12406 | D:9      | Reached ** piety under Sif Muna
 12417 | D:9      | Mangled by a troll

Skill      XL: |  1  2  3  4  5  6  7  8  9 |
---------------+----------------------------+-----
Summonings     | 4 5 6 7 |  7.1
Spellcasting   | 3 4 6 |  6.0
Ice Magic      | 1 2 3 4 6 |  6.5
Fighting       | 1 2 |  2.3
Invocations    | 1 4 |  4.6
Dodging        | |  1.5
Stealth        | |  1.5

Action                   |  1- 3 |  4- 6 |  7- 9 || total
-------------------------+-------+-------+-------++-------
Melee: Short sword       |    73 |       |       ||    73
       Unarmed           |     3 |       |       ||     3
       Hand axe          |    48 |    16 |       ||    64
       Dagger            |       |    69 |   236 ||   305
 Cast: Summon Small Mamm |    25 |     7 |       ||    32
       Call Canine Famil |    11 |    26 |    17 ||    54
       Summon Ice Beast  |       |       |   133 ||   133
       Summon Lightning  |       |       |     5 ||     5
       Summon Guardian G |       |       |     6 ||     6
Invok: Channel Energy    |       |       |    88 ||    88
  Use: Scroll            |     5 |     3 |     6 ||    14
 Stab: Distracted        |     2 |       |     6 ||     8
       Sleeping          |     1 |     1 |     1 ||     3
Armor: Robe              |    22 |    10 |    81 ||   113
Dodge: Dodged            |   109 |    52 |   193 ||   354
